 Dungeon Crawl Stone Soup version 0.31-a0-176-g91f28db67f (webtiles) character file.

Game seed: 13074327165898691503

33 Elmgren the Conjurer (level 3, -1/19 HPs)
             Began as a Deep Elf Conjurer on June 18, 2023.
             Slain by Terence
             ... wielding a +0 morningstar
              (7 damage)
             ... on level 1 of the Dungeon.
             The game lasted 00:05:55 (1940 turns).

Elmgren the Conjurer (Deep Elf Conjurer)            Turns: 1940, Time: 00:05:56

Health: -1/19      AC:  5    Str:  4    XL:     3   Next: 12%
Magic:  7/10       EV: 12    Int: 24    God:
Gold:   48         SH:  0    Dex: 13    Spells: 7/10 levels left

rFire   . . .        d - +0 dagger (elec)
rCold   . . .        (no shield)
rNeg    . . .        a - +0 robe
rPois   .            i - +2 hat
rElec   .            c - +0 cloak
rCorr   .            (no gloves)
SInv    .            (no boots)
Will    .....        (no amulet)
Stlth   ++           (no ring)
HPRegen 0.23/turn    (no ring)
MPRegen 0.12/turn

%: no passive effects
@: no status effects
A: no striking features
a: no special abilities


You were on level 1 of the Dungeon.
You visited 1 branch of the dungeon, and saw 2 of its levels.

You collected 48 gold pieces.

Inventory:

Hand Weapons
 d - a +0 dagger of electrocution (weapon)
Armour
 a - a +0 robe (worn)
 c - a +0 cloak (worn)
 i - a +2 hat (worn)
Scrolls
 f - a scroll of vulnerability {unknown}
 g - a scroll of fog {unknown}
 h - a scroll of enchant armour {unknown}
 j - a scroll of immolation {unknown}
Potions
 b - a potion of magic
 e - a potion of brilliance {unknown}


   Skills:
 - Level 2.4 Dodging
 - Level 2.4 Stealth
 + Level 4.1 Spellcasting
 + Level 5.0 Conjurations


You had 7 spell levels left.
You knew the following spells:

 Your Spells              Type           Power      Damage    Failure   Level
a - Magic Dart            Conj           100%       1d8       1%          1
b - Searing Ray           Conj           58%        2d6       1%          2

Your spell library contained the following spells:

 Spells                   Type           Power      Damage    Failure   Level
 Dazzling Flash           Conj/Hex       34%        N/A       11%         3
 Ignite Poison            Fire/Tmut/Pois 4%         N/A       28%         3
 Fulminant Prism          Conj/Hex       8%         3d7       34%         4
 Iskenderun's Mystic Bla  Conj/Tloc      17%        2d5       34%         4
 Sticky Flame             Conj/Fire      17%        2d4       34%         4
 Animate Armour           Summ/Erth      8%         N/A       67%         4
 Summon Ice Beast         Ice/Summ       4%         N/A       67%         4
 Summon Mana Viper        Hex/Summ       4%         N/A       95%         5
 Summon Cactus Giant      Summ           2%         N/A       100%        6
 Ignition                 Fire           2%         3d3       100%        8


Dungeon Overview and Level Annotations

Branches:
Dungeon (2/15)

Altars:
Hepliaklqana

Annotations:
D:1 Terence


Message History

Terence misses you.
Casting: Magic Dart (safe; 1% risk of failure)
Confirm with . or Enter, or press ? or * to list all spells.
Aiming: Magic Dart (safe; 1% risk of failure)
Press: ? - help, Shift-Dir - straight line, f/p - Terence
Aim: Terence, wielding a +0 morningstar and wearing a +0 scale mail (lightly wounded, 100% to hit)
The magic dart hits Terence.
Terence is lightly wounded.
Terence closely misses you.
There is an open door here.
Terence attacks as you move away! Terence hits you with a +0 morningstar.
Terence says, "Time to say good-bye..."
Casting: Magic Dart (safe; 1% risk of failure)
Confirm with . or Enter, or press ? or * to list all spells.
Aiming: Magic Dart (safe; 1% risk of failure)
Press: ? - help, Shift-Dir - straight line, f/p - Terence
Aim: Terence, wielding a +0 morningstar and wearing a +0 scale mail (lightly wounded, 100% to hit)
The magic dart hits Terence but does no damage.
Terence is lightly wounded.
Terence hits you with a +0 morningstar!
Ouch! That really hurt!
* * * LOW HITPOINT WARNING * * *
Casting: Magic Dart (safe; 1% risk of failure)
Confirm with . or Enter, or press ? or * to list all spells.
Aiming: Magic Dart (safe; 1% risk of failure)
Press: ? - help, Shift-Dir - straight line, f/p - Terence
Aim: Terence, wielding a +0 morningstar and wearing a +0 scale mail (lightly wounded, 100% to hit)
The magic dart hits Terence but does no damage.
Terence is lightly wounded.
Terence hits you with a +0 morningstar.
* * * LOW HITPOINT WARNING * * *
Terence says, "Don't bother to defend, it's useless."
There is a stone staircase leading up here.
Terence barely misses you.
You climb upwards.
There is a stone staircase leading down here.
Terence attacks as you move away! Terence barely misses you.
Terence attacks as you move away! Terence barely misses you.
Terence attacks as you move away! Terence hits you with a +0 morningstar!
You die...

..#.# #.........# #.#.. ....#
#[######### #.... ..### #.# #####
.#### #.# ###########
....##########.# #..........
..#.#..........# #.#####.###
....#.#################.#...#.#
..###..........@.##.....#.#.#.###
...>)....#....##@##.##..#.#.#.#..
>.#......#..>..#.##.#...#.#.#.#.#
..#......#........#.#####.#.#.#..
.........#.....#..#.# #.#.#.#.#
..##..(..#....##..#.# #.#.#.#..
..##.....#....###...# #.#.#.#.#
..##..........# #.#######.#.#.#.#
####.....#....# #.......#.#.#.#..
#.....###### ######.##.#.#.###


You could see Terence.

Vanquished Creatures
  2 worms (D:2)
  2 endoplasms (D:1)
  2 giant cockroaches (D:2)
  5 goblins
  A quokka (D:2)
  3 ball pythons
  3 bats (D:1)
  3 frilled lizards (D:1)
  2 kobolds
  5 rats
28 creatures vanquished.

Notes
Turn   | Place    | Note
-------+----------+-------------------------------------------
     0 | D:1      | Elmgren the Deep Elf Conjurer began the quest for the Orb.
     0 | D:1      | Reached XP level 1. HP: 10/10 MP: 6/6
   336 | D:1      | Reached XP level 2. HP: 15/15 MP: 3/8
   390 | D:1      | Got the Compendium of Company
   412 | D:1      | Learned a level 2 spell: Searing Ray
   811 | D:1      | Found a faded altar of an unknown god.
  1213 | D:2      | Found a hazy altar of Hepliaklqana.
  1437 | D:2      | Reached skill level 5 in Conjurations
  1454 | D:2      | Reached XP level 3. HP: 19/19 MP: 7/10
  1918 | D:2      | Noticed Terence
  1940 | D:1      | Slain by Terence

Illustrated notes

Levels and vault maps discovered:
D:1:      wheals_arrival_linesprint, layout_basic, ebering_ecumenical_altar_box,
          amcnicky_mini_corridor_feature
D:2:      layout_basic, basic_altar, kennysheep_generic_room_13, uniq_terence

Skill      XL: |  1  2 |
---------------+-------+-----
Spellcasting   | 4 |  4.1
Conjurations   | 5 |  5.0
Dodging        | |  2.4
Stealth        | |  2.4

Action                     || total
---------------------------++-------
  Melee: Dagger            ||     7
   Cast: Magic Dart        ||    56
         Searing Ray       ||     2
    Use: Scroll            ||     2
 Armour: Robe              ||     7
  Dodge: Dodged            ||    18

Table legend: (Time is in decaauts)
 A = Elapsed time spent in this place.
 B = Non-inter-level travel time spent in this place.
 C = Inter-level travel time spent in this place.
 D = Time resting spent in this place.
 E = Time spent auto-exploring this place.
 F = Levels seen in this place.
 G = Mean time per level.
                   A        B        C        D        E       F      G
               +--------+--------+--------+--------+--------+-----+--------+
         Total |   1939 |   1876 |     63 |     47 |   1618 |   2 |  969.5 |
       Dungeon |   1939 |   1876 |     63 |     47 |   1618 |   2 |  969.5 |
               +--------+--------+--------+--------+--------+-----+--------+

Top non-repeatable levels by time:
     D:1: 1071 daAuts
     D:2: 867 daAuts
